 Dungeon Crawl Stone Soup version 0.31-a0-36-g603a1083af (webtiles) character file.

Game seed: 13127420116238811896

511 Bennjico the Shield-Bearer (level 6, 0/61 HPs)
             Began as a Minotaur Fighter on May 14, 2023.
             Slain by a gnoll bouda
             ... wielding a +0 whip
              (6 damage)
             ... on level 5 of the Dungeon.
             The game lasted 00:07:08 (2709 turns).

Bennjico the Shield-Bearer (Minotaur Fighter)       Turns: 2709, Time: 00:07:08

Health: 0/61       AC: 11    Str: 22    XL:     6   Next: 99%
Magic:  5/5        EV: 10    Int:  5    God:
Gold:   110        SH:  0    Dex: 10    Spells: 5/5 levels left

rFire   . . .        a - +1 war axe
rCold   . . .        e - +2 buckler
rNeg    . . .        b - +0 scale mail
rPois   .            (helmet restricted)
rElec   .            (no cloak)
rCorr   .            (no gloves)
SInv    .            (no boots)
Will    .....        (no amulet) Stlth
                     k - +4 ring of protection
HPRegen 0.30/turn    (no ring)
MPRegen 0.09/turn

%: no passive effects
@: confused, mighty
A: horns 2, retaliatory headbutt, robust 1, screaming 1, MP-powered wands
a: no special abilities


You were on level 5 of the Dungeon.
You visited 1 branch of the dungeon, and saw 5 of its levels.

You collected 224 gold pieces.
You spent 114 gold pieces at shops.

Inventory:

Hand Weapons
 a - a +1 war axe (weapon)
Missiles
 n - 3 throwing nets (quivered)
Armour
 b - a +0 scale mail (worn)
 e - a +2 buckler (worn)
Jewellery
 k - a +4 ring of protection (left hand)
Scrolls
 c - a scroll of fog
 f - a scroll of teleportation
 g - 2 scrolls of magic mapping
 i - a scroll of fear
 o - a scroll of silence
Potions
 h - 3 potions of lignification
 j - a potion of flight
 l - a potion of cancellation
 m - a potion of invisibility {unknown}


   Skills:
 + Level 5.3 Fighting
 + Level 4.5 Axes
 + Level 5.3 Armour
 + Level 3.2 Dodging
 + Level 5.3 Shields


You had 5 spell levels left.
You didn't know any spells.
Your spell library contained the following spells:

 Spells                   Type           Power      Damage    Failure   Level
 Magic Dart               Conj           0%         1d3       85%         1
 Call Imp                 Summ           0%         N/A       94%         2
 Ensorcelled Hibernation  Hex/Ice        0%         N/A       94%         2
 Passwall                 Tmut/Erth      0%         N/A       94%         2
 Mephitic Cloud           Conj/Pois/Air  0%         N/A       99%         3
 Swiftness                Air            0%         N/A       99%         3


Dungeon Overview and Level Annotations

Branches:
Dungeon (5/15)
 Temple: D:4-7

Altars:
Qazlal
Ru
Uskayaw
Vehumet
Xom
Zin
The Shining One

Shops:
D:3 ?


Innate Abilities, Weirdness & Mutations

You have a pair of horns on your head.
You reflexively headbutt those who attack you in melee.
You are robust. (+10% HP)
You occasionally shout uncontrollably at your foes.
You expend magic power (3 MP) to strengthen your wands.


Message History

Something hits you.
Unknown command.
An orc wizard appears from thin air!
Reactivating autopickup.
The gnoll closely misses you. The gnoll hits you but does no damage.
The gnoll bouda barely misses you.
The orc wizard gestures at you while chanting.
You are confused.
Things that are here:
a +0 whip; a +0 flail; a gnoll corpse You slash the gnoll!
The gnoll is almost dead.
You barely miss the orc wizard. You barely miss the gnoll.
You hit the gnoll bouda. The gnoll hits you but does no damage.
The gnoll hits you with a +0 spear.
The gnoll bouda mumbles some strange prayers to its god.
The gnoll bouda is healed somewhat.
The orc wizard hits you but does no damage.
The gnoll closely misses you.
Unknown command.
You closely miss the gnoll bouda.
The gnoll bouda is severely wounded.
You barely miss the gnoll. You closely miss the orc wizard. You miss the gnoll.
The gnoll hits you but does no damage. The gnoll bouda barely misses you.
The orc wizard hits you but does no damage.
The gnoll closely misses you.
Unknown command.
You slash the gnoll!
You kill the gnoll!
You hit the orc wizard but do no damage.
You closely miss the gnoll. You miss the gnoll bouda.
Your attacks no longer feel as feeble.
The gnoll hits you but does no damage.
The gnoll bouda hits you with a +0 whip!
* * * LOW HITPOINT WARNING * * *
The orc wizard hits you but does no damage.
The gnoll hits you with a +0 spear.
* * * LOW HITPOINT WARNING * * *
The gnoll bouda hits you with a +0 whip.
You die...

### #.$ #.. ##..
#... #####..##
........########
#####.g.o)......
.....$.@)#######
######.)g# #...#
#.... #...##
..... ..#.##
##....


You could see a gnoll bouda, an orc wizard and a gnoll (swift).

Vanquished Creatures
  A sky beast (D:3)
  A howler monkey (D:5)
  A hound (D:4)
  An orc priest (D:3)
  2 orc wizards (D:3)
  14 gnolls
  5 adders
  2 dart slugs (D:1)
  8 orcs
  7 endoplasms
  4 giant cockroaches
  6 goblins
  8 hobgoblins
  9 jackals
  4 quokkas
  4 ball pythons
  10 bats
  4 frilled lizards
  6 kobolds
  6 rats
103 creatures vanquished.

Notes
Turn   | Place    | Note
-------+----------+-------------------------------------------
     0 | D:1      | Bennjico the Minotaur Fighter began the quest for the Orb.
     0 | D:1      | Reached XP level 1. HP: 19/19 MP: 0/0
    26 | D:1      | Found a faded altar of an unknown god.
   151 | D:1      | Reached XP level 2. HP: 27/27 MP: 1/1
   216 | D:1      | Reached skill level 1 in Dodging
   274 | D:1      | Reached XP level 3. HP: 32/33 MP: 2/2
   822 | D:2      | Found a stormy altar of Qazlal.
   958 | D:2      | Reached XP level 4. HP: 40/40 MP: 3/3
  1219 | D:3      | Noticed a sky beast
  1238 | D:3      | Killed a sky beast
  1239 | D:3      | Reached XP level 5. HP: 11/47 MP: 4/4
  1435 | D:3      | HP: 3/70 [orc priest/divine providence (12)]
  1453 | D:3      | Reached XP level 6. HP: 8/55 MP: 5/5
  1670 | D:3      | Found Roegol's Magic Scroll Shoppe.
  1673 | D:3      | Bought a scroll of magic mapping for 90 gold pieces
  1673 | D:3      | Bought a scroll of identify for 24 gold pieces
  1771 | D:3      | Gained mutation: You have an increased reservoir of magic.
                  | (+10% MP) [potion of mutation]
  1771 | D:3      | Gained mutation: You are frail. (-10% HP) [potion of
                  | mutation]
  1771 | D:3      | Lost mutation: You have an increased reservoir of magic.
                  | (+10% MP) [potion of mutation]
  2022 | D:4      | Found a radiant altar of Vehumet.
  2031 | D:4      | Found a glowing silver altar of Zin.
  2032 | D:4      | Found a sacrificial altar of Ru.
  2032 | D:4      | Found a shimmering altar of Xom.
  2032 | D:4      | Found a glowing golden altar of the Shining One.
  2035 | D:4      | Found a hide-covered altar of Uskayaw.
  2162 | D:4      | Reached skill level 5 in Fighting
  2162 | D:4      | Reached skill level 5 in Armour
  2162 | D:4      | Reached skill level 5 in Shields
  2443 | D:4      | Lost mutation: You are frail. (-10% HP) [potion of
                  | mutation]
  2443 | D:4      | Gained mutation: You are vulnerable to cold. (rC-) [potion
                  | of mutation]
  2443 | D:4      | Gained mutation: You are robust. (+10% HP) [potion of
                  | mutation]
  2443 | D:4      | Gained mutation: Your movements are slightly less
                  | encumbered by armour. (ER -2) [potion of mutation]
  2443 | D:4      | Gained mutation: You are very robust. (+20% HP) [potion of
                  | mutation]
  2444 | D:4      | Lost mutation: Your movements are slightly less encumbered
                  | by armour. (ER -2) [potion of mutation]
  2444 | D:4      | Lost mutation: You are very robust. (+20% HP) [potion of
                  | mutation]
  2444 | D:4      | Lost mutation: You are vulnerable to cold. (rC-) [potion of
                  | mutation]
  2444 | D:4      | Gained mutation: You occasionally shout uncontrollably at
                  | your foes. [potion of mutation]
  2444 | D:4      | Gained mutation: You expend magic power (3 MP) to
                  | strengthen your wands. [potion of mutation]
  2687 | D:5      | Entered Level 5 of the Dungeon
  2709 | D:5      | Slain by a gnoll bouda

Illustrated notes

Levels and vault maps discovered:
D:1:      psy_arrival_basics, layout_basic, hellmonk_ecumenical_altar_run_dry,
          minmay_surrounded
D:2:      layout_rooms, basic_altar
D:3:      cheibrodos_pilgrimage, layout_basic, serial_shops, shop
D:4:      layout_loops_cross, minitemple
D:5:      layout_loops_ring, kennysheep_little_box,
          minmay_temple_entry_enclosed_plants, serial_shops, nicolae_shop_stone,
          dk_rats_in_the_wall

Skill      XL: |  1  2  3  4  5  6 |
---------------+-------------------+-----
Dodging        | 1 2 3 |  3.2
Fighting       | 4 5 |  5.3
Shields        | 4 5 |  5.3
Armour         | 4 5 |  5.3
Axes           | 3 4 |  4.5

Action                     |  1- 3 |  4- 6 || total
---------------------------+-------+-------++-------
  Melee: War axe           |    98 |   123 ||   221
         Headbutt          |     6 |    13 ||    19
    Use: Scroll            |     5 |     9 ||    14
         Potion            |       |     9 ||     9
 Armour: Scale mail        |    42 |    76 ||   118
         Skin              |       |    19 ||    19
  Dodge: Dodged            |    46 |    70 ||   116
  Block: Buckler           |    44 |    48 ||    92

Table legend: (Time is in decaauts)
 A = Elapsed time spent in this place.
 B = Non-inter-level travel time spent in this place.
 C = Inter-level travel time spent in this place.
 D = Time resting spent in this place.
 E = Time spent auto-exploring this place.
 F = Levels seen in this place.
 G = Mean time per level.
                   A        B        C        D        E       F      G
               +--------+--------+--------+--------+--------+-----+--------+
         Total |   2786 |   2728 |     58 |      0 |   2087 |   5 |  557.2 |
       Dungeon |   2786 |   2728 |     58 |      0 |   2087 |   5 |  557.2 |
               +--------+--------+--------+--------+--------+-----+--------+

Top non-repeatable levels by time:
     D:3: 951 daAuts
     D:4: 724 daAuts
     D:1: 643 daAuts
     D:2: 440 daAuts
     D:5: 25 daAuts
